 Dungeon Crawl Stone Soup version 0.27-a0-1180-g7fc4abc71e (webtiles) character file.

Game seed: 6079505872254733420

680 Froggeryz the Ruffian (level 7, 0/48 (52) HPs)
             Began as a Demonspawn Chaos Knight on May 17, 2021.
             Was a Priest of Ru.
             Slain by an orc
             ... wielding a +0 flail
              (4 damage)
             ... on level 5 of the Dungeon.
             The game lasted 00:06:06 (5411 turns).

Froggeryz the Ruffian (Demonspawn Chaos Knight)     Turns: 5411, Time: 00:06:06

HP:   0/48 (52)     AC:  9    Str: 12    XL:     7   Next: 34%
MP:   7/7           EV:  9    Int: 15    God:    Ru [***...]
Gold: 127           SH:  0    Dex: 17    Spells: 6/6 levels left

rFire    . . .     SeeInvis .     - Unarmed
rCold    + . .     Faith    .   (shield unavailable)
rNeg     . . .     Spirit   .   f - +0 scale mail
rPois    .         Reflect  .   (no helmet)
rElec    .         Harm     .   (no cloak)
rCorr    .         Rampage  .   (no gloves)
Will     .....     Rnd*Tele +   (no boots)
Stlth    ..........             (no amulet)
HPRegen  0.16/turn              (ring unavailable)
MPRegen  0.10/turn              h - ring of wizardry

@: lit by a corona, unable to read, glowing, drained
A: claws 2, icy blue scales 2, missing a hand, talons 1, agile 2, clever 1, cold
resistance 1, teleportitis 1, weak 1, evolution 1, inability to read while
threatened
a: Renounce Religion, Draw Out Power


You were on level 5 of the Dungeon.
You worshipped Ru.
Ru was most pleased with you.
You visited 1 branch of the dungeon, and saw 5 of its levels.
You also visited: Sewer.

You collected 127 gold pieces.

Inventory:

Armour
 f - a +0 scale mail (worn)
Jewellery
 h - a ring of wizardry (right claw)
Scrolls
 c - a scroll of teleportation
 l - a scroll of fear
Potions
 a - 2 potions of heal wounds
 d - 3 potions of curing
 e - a potion of haste
 g - a potion of flight
 k - 2 potions of brilliance
 m - 2 potions of magic


   Skills:
 - Level 3.0 Fighting
 - Level 1.7 Armour
 - Level 0.8 Dodging
 * Level 7.9 Unarmed Combat


You had 6 spell levels left.
You didn't know any spells.
Your spell library contained the following spells:

 Spells                   Type           Power      Damage    Failure   Level
 Beastly Appendage        Tmut           0%         N/A       45%         1
 Wereblood                Tmut           0%         N/A       61%         2
 Spider Form              Tmut/Pois      0%         N/A       82%         3
 Ice Form                 Ice/Tmut       0%         N/A       99%         4
 Hydra Form               Tmut           0%         N/A       100%        5


Dungeon Overview and Level Annotations

Branches:
Dungeon (5/15)             Temple (0/1) D:4           Sewer (visited)

Altars:
Kikubaaqudgha
Ru

Shops:
D:5 :

Annotations:
D:5 Dowan


Innate Abilities, Weirdness & Mutations

You have very sharp fingernails.
You are mostly covered in icy blue scales. (AC +3)
You are missing a hand.
You have sharp toenails.
You are very agile. (Dex +4)
Your mind is acute. (Int +2)
Your flesh is cold resistant. (rC+)
You are occasionally teleported next to monsters.
You are weak. (Str -2)
You evolve.
You sometimes lose the ability to read scrolls when taking damage.


Message History

Found 21 stones.
Found a stone staircase leading down.
The white imp hits you but does no damage.
You claw the necrophage!
The necrophage is moderately damaged.
The necrophage barely misses you. The white imp spits at you.
The white imp hits you but does no damage.
The orc barely misses you.
You claw the necrophage!
You claw the necrophage, but do no damage.
The necrophage is almost destroyed.
The necrophage hits you but does no damage.
You redirect the white imp's attack!
The white imp hits you but does no damage.
You barely miss the necrophage.
The necrophage is almost destroyed.
The orc hits you but does no damage.
Dowan hits you with a +1 dagger of draining.
You feel threatened and lose the ability to read scrolls!
You feel drained. The necrophage closely misses you.
You barely miss the necrophage.
The necrophage is severely damaged.
The white imp begins to attack, but is stunned by your conviction!
You redirect Dowan's attack!
Dowan hits you with a +1 dagger of draining.
You feel drained. The orc hits you with a +0 flail.
The necrophage barely misses you.
You completely miss the necrophage. You claw the necrophage.
The necrophage is almost destroyed.
Dowan hits you with a +1 dagger of draining!
* * * LOW HITPOINT WARNING * * *
You feel drained.
* * * LOW HITPOINT WARNING * * *
You focus your inner power and slow Dowan in retribution!
The white imp gestures at you. The puff of frost hits you. You resist.
* * * LOW HITPOINT WARNING * * *
The orc hits you with a +0 flail.
You die...
Xom giggles madly!

#..( .....#
###..##......
##....#?...#. #
.###...$.....#..W.
...........)...#
....###..#†.......
.........$..#.....
###.....5........#
.......@o........#
###....ne....#####
##.........#
#.........#
#.........#
##.......##
.........
#.........#


You could see a necrophage, Dowan (fast, strong, slow), a white imp and an orc.

Vanquished Creatures
  Duvessa (D:5)
  A phantom (D:4)
  A water moccasin skeleton (D:5)
  A bullfrog zombie (D:5)
  A hound (D:5)
  A centaur skeleton (D:5)
  Jessica (D:2)
  An iguana (D:4)
  Natasha (twice) (D:3)
  6 gnolls
  9 adders
  A shadow imp (D:5)
  An ufetubus (D:4)
  A worm (D:2)
  A dart slug (D:4)
  3 orcs (D:4)
  15 ball pythons
  5 bats
  5 endoplasms
  3 giant cockroaches
  7 goblins
  2 hobgoblins (D:1)
  8 jackals
  9 quokkas
  5 frilled lizards (Sewer)
  13 kobolds
  5 rats
109 creatures vanquished.

Vanquished Creatures (collateral kills)
  A gnoll (D:3)
1 creature vanquished.

Vanquished Creatures (others)
  16 plants (Sewer)
16 creatures vanquished.

Grand Total: 126 creatures vanquished

Notes
Turn   | Place    | Note
-------+----------+-------------------------------------------
     0 | D:1      | Froggeryz the Demonspawn Chaos Knight began the quest for
                  | the Orb.
     0 | D:1      | Reached XP level 1. HP: 18/18 MP: 1/1
    73 | D:1      | Reached skill level 3 in Unarmed Combat
   118 | D:1      | Gained mutation: You are partially covered in icy blue
                  | scales. (AC +2) [demonic ancestry]
   118 | D:1      | Reached XP level 2. HP: 24/24 MP: 2/2
   342 | D:1      | Found a faded altar of an unknown god.
   351 | D:1      | XOM: divination: detect items
   736 | D:1      | Gained mutation: You have sharp fingernails. [demonic
                  | ancestry]
   736 | D:1      | Reached XP level 3. HP: 21/29 MP: 3/3
  1124 | D:2      | XOM: potion effect (might)
  1138 | D:2      | XOM: potion effect (curing)
  1142 | D:1      | Reached skill level 4 in Unarmed Combat
  1198 | D:1      | XOM: silly message
  1261 | D:2      | Noticed Jessica
  1264 | D:2      | Killed Jessica
  1265 | D:2      | Reached XP level 4. HP: 35/35 MP: 4/4
  1341 | D:2      | XOM: silly message
  1486 | D:2      | Found an ancient bone altar of Kikubaaqudgha.
  1554 | D:2      | XOM: smoke on damage
  1780 | D:2      | XOM: butterfly on damage
  1785 | D:2      | Reached skill level 5 in Unarmed Combat
  2141 | D:2      | XOM: god gift: 19 stones
  2316 | D:3      | XOM: give mutations
  2316 | D:3      | Gained mutation: Your flesh is cold resistant. (rC+) [Xom's
                  | grace]
  2316 | D:3      | Gained mutation: You evolve. [Xom's grace]
  2316 | D:3      | Gained mutation: Your mind is acute. (Int +2) [Xom's grace]
  2316 | D:3      | Gained mutation: You have sharp toenails. [Xom's grace]
  2416 | D:3      | Gained mutation: You are mostly covered in icy blue scales.
                  | (AC +3) [demonic ancestry]
  2416 | D:3      | Reached XP level 5. HP: 26/41 MP: 5/5
  2436 | D:3      | XOM: summons 4 friendly demons
  2835 | D:3      | XOM: silly message
  3100 | D:3      | Found a sacrificial altar of Ru.
  3139 | D:3      | XOM is BORED!
  3139 | D:3      | XOM: noise
  3141 | D:3      | Fell from the grace of Xom
  3141 | D:3      | Became a worshipper of Ru the Awakened
  3271 | D:3      | Noticed Natasha
  3280 | D:3      | Killed Natasha
  3384 | D:3      | XOM: give mutations
  3384 | D:3      | Gained mutation: You are agile. (Dex +2) [Xom's mischief]
  3384 | D:3      | Gained mutation: You are occasionally teleported next to
                  | monsters. [Xom's mischief]
  3494 | D:3      | Noticed Natasha
  3497 | D:3      | Killed Natasha
  3604 | D:4      | Found a staircase to the Ecumenical Temple.
  3671 | D:4      | Reached skill level 6 in Unarmed Combat
  3711 | D:4      | XOM: noise
  3773 | D:4      | Noticed a phantom
  3792 | D:4      | Killed a phantom
  3793 | D:4      | Gained mutation: You have very sharp fingernails. [demonic
                  | ancestry]
  3793 | D:4      | Reached XP level 6. HP: 19/47 MP: 6/6
  3936 | D:4      | Found a glowing drain.
  3963 | Sewer    | Entered a sewer
  4197 | Sewer    | Gained mutation: You are missing a hand. [Ru sacrifice]
  4197 | Sewer    | Reached * piety under Ru
  4197 | Sewer    | Reached ** piety under Ru
  4197 | Sewer    | Reached *** piety under Ru
  4248 | Sewer    | XOM: polymorph adder -> bat
  4673 | Sewer    | Gained mutation: You are very agile. (Dex +4) [evolution]
  5193 | D:5      | Entered Level 5 of the Dungeon
  5200 | D:5      | Reached skill level 7 in Unarmed Combat
  5231 | D:5      | XOM: give mutations
  5231 | D:5      | Gained mutation: You sometimes lose the ability to read
                  | scrolls when taking damage. [Xom's mischief]
  5231 | D:5      | Gained mutation: You are weak. (Str -2) [Xom's mischief]
  5361 | D:5      | Reached XP level 7. HP: 46/52 MP: 7/7
  5365 | D:5      | Found Ampamos's Book Shoppe.
  5385 | D:5      | XOM: 1-stop teleportation journey
  5386 | D:5      | Noticed Duvessa
  5386 | D:5      | Noticed Dowan
  5401 | D:5      | Killed Duvessa
  5411 | D:5      | Slain by an orc

Illustrated notes

Levels and vault maps discovered:
D:1:      erik_arrival_cave_to_civilisation [erik_arrival_cave_to_temple],
          layout_basic, shapermc_ecumenical_altar_flowoftime,
          minmay_stone_trees_medium
D:2:      layout_basic, basic_altar, uniq_jessica
D:3:      layout_basic, nicolae_ru_sacrificial_ziggurat, serial_glass,
          glass_columns_b, glass_columns_a, item_on_display_a, feat_on_display,
          corexii_item_surrounded_by_moat, uniq_natasha
D:4:      layout_rooms, minmay_temple_entry_large_hall, gup_sewer_entry_pipe
D:5:      layout_rooms, kennysheep_mini, serial_shops, shop,
          chequers_serial_rivers_micro_d, uniq_duvessa

Skill      XL: |  1  2  3  4  5  6 |
---------------+-------------------+-----
Unarmed Combat | 3 4 5 6 7 |  7.9
Fighting       | |  3.0
Armour         | |  1.7
Dodging        | |  0.8

Action                   |  1- 3 |  4- 6 |  7- 9 || total
-------------------------+-------+-------+-------++-------
Melee: Unarmed           |    81 |   267 |    21 ||   369
       Punch             |     1 |     5 |       ||     6
       Kick              |       |    32 |     8 ||    40
Invok: Sacrifice a Hand  |       |     1 |       ||     1
  Use: Scroll            |       |    12 |       ||    12
       Potion            |       |     1 |       ||     1
 Stab: Sleeping          |       |       |     1 ||     1
Armor: Leather armour    |    26 |     7 |       ||    33
       Scale mail        |       |    95 |    13 ||   108
Dodge: Dodged            |    49 |   108 |    15 ||   172

Table legend: (Time is in decaauts)
 A = Elapsed time spent in this place.
 B = Non-inter-level travel time spent in this place.
 C = Inter-level travel time spent in this place.
 D = Time resting spent in this place.
 E = Time spent auto-exploring this place.
 F = Levels seen in this place.
 G = Mean time per level.
                   A        B        C        D        E       F      G
               +--------+--------+--------+--------+--------+-----+--------+
         Total |   5569 |   5313 |    256 |    557 |   3813 |   6 |  928.2 |
       Dungeon |   4631 |   4375 |    256 |    511 |   3118 |   5 |  926.2 |
         Sewer |    938 |    938 |      0 |     46 |    694 |   1 |  938.0 |
               +--------+--------+--------+--------+--------+-----+--------+

Top non-repeatable levels by time:
     D:3: 1412 daAuts
     D:1: 1357 daAuts
   Sewer: 938 daAuts
     D:2: 831 daAuts
     D:4: 818 daAuts
     D:5: 211 daAuts
